AoeStats
← ^_^

African Clearing

510468316Analyzed
4v4 RM · 12h ago on Oct 1, 2026· 45m 53s· 8 players
Game mode
Random Map
Map size
Large (8 player)
Population
200
Speed
Normal
Resources
Standard
Victory
Conquest
Starting age
Dark Age
Ending age
Imperial Age
RankedLock teamsTeams togetherTeam positionsShared explorationLock speedFull tech treeHidden civsTurbo modeCheats
Victory
Defeat
🇹🇼 Varangians · Taiwan
1202
+15
🇩🇪 Persians · Germany
1198
+15
🇲🇽 Lithuanians · Mexico
1170
+16
🇭🇰 Slavs · Hong Kong SAR China
1142
+18
🇨🇳 Huns · China
1237
-18
🇻🇳 Bengalis · Vietnam
1187
-16
🇨🇳 Tupi · China
1176
-16
🇮🇳 Lithuanians · India
1120
-14
Mr.Big
9:07 Loom
12:29 Feudal Age
15:39 Bloodlines
16:19 Forging
16:48 Double-Bit Axe
23:00 Horse Collar
24:45 Town Watch
27:21 Castle Age
26:28 Gold Mining
28:13 Husbandry
29:39 Light Cavalry
31:44 Wheelbarrow
31:50 Scale Barding Armor
43:58 Bow Saw
43:52 Heavy Plow
45:13 Iron Casting
46:44 Wheelbarrow
48:42 Imperial Age
Melchior
3:46 Loom
13:21 Feudal Age
27:21 Wheelbarrow
26:33 Town Watch
29:14 Double-Bit Axe
29:16 Horse Collar
35:55 Castle Age
34:25 Padded Archer Armor
34:15 Fletching
36:42 Heavy Plow
37:00 Hand Cart
37:00 Bow Saw
36:44 Pikeman
37:25 Squires
37:42 Elite Skirmisher
39:08 Leather Archer Armor
44:00 Forging
43:51 Scale Mail Armor
Jling.YYC
14:13 Feudal Age
14:35 Loom
19:23 Castle Age
18:19 Scale Barding Armor
20:00 Stone Mining
25:39 Town Watch
26:20 Double-Bit Axe
29:12 Scale Mail Armor
31:01 Forging
31:01 Pikeman
31:42 Squires
44:55 Horse Collar
45:46 Gold Mining
Cesar
4:41 Loom
13:56 Feudal Age
14:57 Double-Bit Axe
18:15 Scale Barding Armor
18:04 Gold Mining
19:10 Forging
22:44 Castle Age
24:28 Bloodlines
24:18 Husbandry
24:48 Bow Saw
24:31 Stone Mining
24:26 Horse Collar
33:15 Chain Barding Armor
33:53 Iron Casting
37:56 Imperial Age
36:03 Wheelbarrow
36:22 Heavy Plow
37:18 Hand Cart
36:49 Town Watch
38:09 Stone Shaft Mining
38:21 Masonry
37:52 Treadmill Crane
38:09 Murder Holes
37:59 Cavalier
39:16 Plate Barding Armor
39:10 Conscription
40:24 Two-Man Saw
39:24 Paladin
43:36 Town Patrol
44:21 Hoardings
44:20 Architecture
44:13 Ballistics
44:54 Chemistry
44:45 Crop Rotation
45:05 Coinage
45:56 Chemistry
kw3dsky
14:32 Feudal Age
14:59 Loom
21:04 Castle Age
20:07 Double-Bit Axe
20:32 Stone Mining
25:22 Bow Saw
24:55 Horse Collar
25:54 Wheelbarrow
28:03 Husbandry
28:32 Bloodlines
31:53 Paiks
33:03 Scale Barding Armor
34:53 Fletching
37:09 Chain Barding Armor
37:14 Hand Cart
40:04 Bodkin Arrow
42:08 Forging
42:39 Padded Archer Armor
47:42 Imperial Age
^_^
10:39 Loom
35:10 Feudal Age
40:55 Castle Age
39:21 Double-Bit Axe
40:27 Horse Collar
casuai
3:27 Loom
13:47 Feudal Age
19:59 Castle Age
20:07 Castle Age
18:01 Double-Bit Axe
19:15 Fletching
19:26 Padded Archer Armor
21:24 Crossbowman
29:33 Town Watch
32:51 Imperial Age
31:11 Bodkin Arrow
33:24 Leather Archer Armor
35:15 Arbalester
37:34 Ballistics
38:38 Bracer
41:13 Chemistry
AztecKiller2427
4:20 Loom
11:52 Feudal Age
16:08 Scale Barding Armor
17:35 Forging
23:48 Castle Age
23:06 Bloodlines
22:50 Horse Collar
23:30 Double-Bit Axe
23:51 Light Cavalry
24:31 Husbandry
25:49 Chain Barding Armor
25:52 Husbandry
33:56 Iron Casting
Connection lost

Rejoining the realm…

Still unreachable

The connection could not be restored.

Session expired

The server has moved on; the page needs a fresh start.